 Dungeon Crawl Stone Soup version 0.20.1-1-g8b1a95d (webtiles) character file.

114 Ymberti the Skirmisher (level 4, 0/41 HPs)
             Began as a Hill Orc Fighter on Oct 3, 2017.
             Slain by Sigmund
             ... wielding a +0 scythe
              (11 damage)
             ... on level 2 of the Dungeon.
             The game lasted 00:04:44 (1474 turns).

Ymberti the Skirmisher (Hill Orc Fighter)           Turns: 1474, Time: 00:04:44

Health: 0/41       AC:  0    Str: 23    XL:     4   Next: 98%
Magic:  4/4        EV: 16    Int:  8    God:
Gold:   41         SH:  0    Dex: 11    Spells: 3/3 levels left

rFire    . . .     SeeInvis .   (weapon currently unavailable)
rCold    . . .     Gourm    .   (shield currently unavailable)
rNeg     . . .     Faith    .   (armour currently unavailable)
rPois    .         Spirit   .   (helmet currently unavailable)
rElec    .         Reflect  .   (cloak currently unavailable)
rCorr    .         Harm     .   (gloves currently unavailable)
MR       .....                  (boots currently unavailable)
Stlth    +.........             (no amulet)
Regen    0.2/turn               (ring currently unavailable)
MPRegen  0.1/turn               (ring currently unavailable)

@: mighty, pig-form, very quick
A: repulsion field 1, screaming 1
a: no special abilities


You were on level 2 of the Dungeon.
You were not hungry.
You were a filthy swine.
You visited 1 branch of the dungeon, and saw 2 of its levels.

You collected 41 gold pieces.

Inventory:

Hand Weapons
 a - a +0 long sword (melded)
Armour
 b - a +0 scale mail (melded)
 c - a +0 shield (melded)
Comestibles
 m - a meat ration


   Skills:
 + Level 4.4 Fighting
 + Level 3.2 Long Blades
 + Level 3.9 Armour
 * Level 1.1 Dodging
 + Level 0.1 Stealth
 + Level 4.0 Shields


You had 3 spell levels left.
You didn't know any spells.

Dungeon Overview and Level Annotations

Branches:
Dungeon (2/15)

Altars:
Cheibriados

Annotations:
D:2 Sigmund


Innate Abilities, Weirdness & Mutations

((You have large cloven feet.))
You are surrounded by a mild repulsion field. (EV +2)
((Your flesh is cold resistant. (rC+)))
You occasionally shout uncontrollably at your foes.


Message History

Something barely misses you.
You stop sporulating.
Your +0 long sword unmelds from your body.
Your +0 shield unmelds from your body.
Your +0 scale mail unmelds from your body.
You block something's attack.
You hear some strange, mumbled words.
You are confused.
Something hits you but does no damage. Something hits you but does no damage.
You hear a zap.
You turn into a filthy swine.
Your +0 long sword melds into your body.
Your +0 shield melds into your body.
Your +0 scale mail melds into your body.
Unknown command.
Something barely misses you.
You feel less confused. Something hits you!
You die...

##..##
#......#..........>..
#..##
##..##...#.....##..#.
####
##...##..####$......
###.# .# #####.## #.##
.# #... #..# .# ##..
##.##.##### #...
#########(†...........#.
......)h.{(#.######## #.
##########.)....... #.
###.###### .. ... ##>
###.. #≈ ... _≈ .. .


There were no monsters in sight!

Vanquished Creatures
  3 adders (D:2)
  4 gnolls
  A worm (D:2)
  2 dart slugs
  A leopard gecko (D:1)
  3 giant cockroaches
  2 goblins (D:1)
  5 hobgoblins
  4 jackals (D:2)
  A quokka (D:2)
  5 bats
  A frilled lizard (D:1)
  8 kobolds
  6 rats
46 creatures vanquished.

Vanquished Creatures (others)
  A goblin (D:2)
1 creature vanquished.

Grand Total: 47 creatures vanquished

Notes
Turn   | Place    | Note
-------+----------+-------------------------------------------
     0 | D:1      | Ymberti the Hill Orc Fighter began the quest for the Orb.
     0 | D:1      | Reached XP level 1. HP: 19/19 MP: 1/1
    92 | D:1      | Reached XP level 2. HP: 19/27 MP: 2/2
   177 | D:1      | Reached XP level 3. HP: 30/33 MP: 3/3
   646 | D:2      | Noticed Sigmund
   745 | D:2      | Found a snail-covered altar of Cheibriados.
   765 | D:2      | Reached XP level 4. HP: 33/40 MP: 4/4
  1413 | D:2      | Reached skill level 1 in Dodging
  1443 | D:2      | Gained mutation: You are surrounded by a mild repulsion field. (EV +2) [potion of mutation]
  1443 | D:2      | Gained mutation: You occasionally shout uncontrollably at your foes. [potion of mutation]
  1443 | D:2      | Gained mutation: Your flesh is cold resistant. (rC+) [potion of mutation]
  1443 | D:2      | Gained mutation: You have large cloven feet. [potion of mutation]
  1474 | D:2      | Slain by Sigmund

Skill      XL: |  1  2  3  4 |
---------------+-------------+-----
Fighting       | 4 |  4.4
Long Blades    | 3 |  3.2
Dodging        | 1 |  1.1
Shields        | 4 |  4.0
Armour         | |  3.9
Stealth        | |  0.1

Action                   |  1- 3 |  4- 6 || total
-------------------------+-------+-------++-------
Melee: Long sword        |   109 |    43 ||   152
  Use: Scroll            |       |     4 ||     4
       Potion            |       |     4 ||     4
  Eat: Bread ration      |       |     1 ||     1
Armor: Scale mail        |    71 |    25 ||    96
       Skin              |       |     4 ||     4
Dodge: Dodged            |    43 |    47 ||    90
Block: Shield            |    79 |    38 ||   117
       Rpst.: Long sword |    16 |     9 ||    25
